 Dungeon Crawl Stone Soup version 0.31-a0-978-g1e143483b6 (webtiles) character file.

Game seed: 4277984286487885857

6182 promet the Fighter (level 10, -3/141 HPs)
             Began as a Minotaur Fighter on Oct 29, 2023.
             Was a Priest of Qazlal.
             Slain by a smoke demon (5 damage)
             ... summoned by an orc high priest
             ... in a bailey on Oct 30, 2023.
             The game lasted 00:57:08 (11025 turns).

promet the Fighter (Minotaur Fighter)              Turns: 11025, Time: 00:57:12

Health: -3/141     AC:  7    Str: 29    XL:     10   Next: 60%
Magic:  9/9        EV: 12    Int:  7    God:    Qazlal [***...]
Gold:   311        SH:  9    Dex: 10    Spells: 9/9 levels left

rFire   . . .        a - +6 morningstar (freeze)
rCold   . . .        w - +0 buckler
rNeg    . . .        K - +0 troll leather armour
rPois   .            (helmet restricted)
rElec   .            l - +1 cloak
rCorr   .            j - +0 pair of gloves
SInv    .            (no boots)
Will    .....        e - amulet of regeneration Stlth
                     p - ring of flight
HPRegen 2.03/turn    t - +6 ring of strength
MPRegen 0.11/turn

%: no passive effects
@: berserking, spiked, flying, very quick
A: horns 2, retaliatory headbutt
a: Renounce Religion, Upheaval, Elemental Force


You were in a bailey.
You worshipped Qazlal.
Qazlal was most pleased with you.
You visited 1 branch of the dungeon, and saw 9 of its levels.
You also visited: Bailey.

You collected 546 gold pieces.
You spent 235 gold pieces at shops.

Inventory:

Hand Weapons
 a - a +6 morningstar of freezing (weapon)
 b - a +0 sling
 c - a +1 war axe of freezing
 v - a +4 long sword
 y - a +3 halberd of freezing
 A - a +0 orcbow
 D - a +4 dire flail
 H - a +4 spear
 I - a +0 hammer
 J - a +2 dagger of venom
 M - a +3 broad axe
Missiles
 m - 14 poisoned darts (quivered)
Armour
 j - a +0 pair of gloves (worn)
 k - a +4 ring mail of cold resistance
 l - a +1 cloak (worn)
 w - a +0 buckler (worn)
 K - a +0 troll leather armour (worn)
Jewellery
 e - an amulet of regeneration (around neck)
 f - a ring of poison resistance
 g - an amulet of guardian spirit
 p - a ring of flight (left hand)
 t - a +6 ring of strength (right hand)
Wands
 q - a wand of digging (3)
 B - a wand of roots (1)
 E - a wand of charming (7)
Scrolls
 h - a scroll of teleportation
 i - 2 scrolls of poison
 u - 2 scrolls of revelation
 F - 3 scrolls of vulnerability
 G - a scroll of fear
 N - a scroll of acquirement
Potions
 d - 4 potions of might
 n - 3 potions of brilliance
 o - 3 potions of curing
 r - 3 potions of cancellation
 s - a potion of enlightenment {unknown}
 z - 2 potions of lignification
 L - a potion of degeneration {unknown}


   Skills:
 * Level 10.7 Fighting
 + Level 7.1(9.2) Axes
 + Level 9.3(10.3) Maces & Flails
 + Level 4.9 Ranged Weapons
 + Level 1.0 Throwing
 + Level 7.4 Armour
 + Level 4.8 Dodging
 + Level 1.8 Stealth
 + Level 6.2 Shields


You had 9 spell levels left.
You didn't know any spells.
Your spell library contained the following spells:

 Spells                   Type           Power      Damage    Failure   Level
 Iskenderun's Battlesphe  Conj           0%         2d6       100%        5
 Bombard                  Conj/Erth      0%         9d1       100%        6
 Spellforged Servitor     Conj/Summ      0%         N/A       100%        7


Dungeon Overview and Level Annotations

Branches:
Dungeon (9/15)             Temple (0/1) D:5            Lair (0/5) D:8
 Bailey (1/1)
    Orc: D:9-12

Altars:
Cheibriados
Gozag
Kikubaaqudgha
Okawaru
Qazlal
Ru
Sif Muna
Trog
Uskayaw
Wu Jian
Xom
Yredelemnul
Zin
The Shining One

Shops:
D:4 !   D:6 ?(!

Annotations:
D:5 3 runed translucent doors, lotum's ghost, amateur OgCj
D:7 1 runed translucent door, Deeps's ghost, novice MiFi


Innate Abilities, Weirdness & Mutations

You have a pair of horns on your head.
You reflexively headbutt those who attack you in melee.


Message History

The red devil hits you from afar with a +0 trident!
* * * LOW HITPOINT WARNING * * *
Barbed spikes become lodged in your body.
You feel much better.
You are covered in liquid flames!
The orc high priest hits you with a +0 war axe!
The smoke demon hits you but does no damage.
The smoke demon closely misses you. You block the smoke demon's attack.
The smoke demon hits you but does no damage. x3
The red devil hits you from afar with a +0 trident.
* * * LOW HITPOINT WARNING * * *
Barbed spikes become lodged in your body.
Okay, then.
You feel better.
You are covered in liquid flames!
The orc high priest hits you with a +0 war axe!
* * * LOW HITPOINT WARNING * * *
You block the smoke demon's attack.
The smoke demon hits you but does no damage.
The smoke demon misses you. You block the smoke demon's attack.
The smoke demon barely misses you. The smoke demon completely misses you.
The red devil hits you from afar with a +0 trident!
* * * LOW HITPOINT WARNING * * *
Barbed spikes become lodged in your body.
You hit the orc high priest. You freeze the orc high priest.
The orc high priest is almost dead.
You block the orc high priest's attack. The smoke demon hits you.
* * * LOW HITPOINT WARNING * * *
The smoke demon closely misses you. The smoke demon barely misses you.
The smoke demon hits you.
* * * LOW HITPOINT WARNING * * *
The smoke demon hits you but does no damage. x2
You block the red devil's attack.
A red film seems to cover your vision as you go berserk!
You feel yourself moving faster!
You feel mighty!
The orc high priest hits you with a +0 war axe!
* * * LOW HITPOINT WARNING * * *
The smoke demon gestures at you. You block the sticky flame.
The smoke demon hits you.
You die...

#≈≈≈≈≈#....#.....
#≈≈≈≈≈#....#.8.8.
#≈≈≈≈≈######...#
#≈≈≈≈≈~.#......#
######.≈≈≈≈~.#......#
#......≈≈≈≈~.#''#####
###......≈≈≈≈~.#.....#
#.....o3.......'.....#
#∩..∩43@...)...)..⌠..#
#.....○○.......'.....#
###......≈≈≈≈~.#.)...#
#......≈≈≈≈~.#')#####
######.≈≈≈≈~.#......#
#≈≈≈≈≈~.#......#
#≈≈≈≈≈######...##
#≈≈≈≈≈#....#.8.8.
#≈≈≈≈≈#....#.....


You could see an orc high priest, 2 smoke demons and a red devil (summoned).

Vanquished Creatures
  2 orc knights (Bailey)
  Pikel (D:8)
  A gargoyle (D:9)
  A troll (D:7)
  A steam dragon (D:6)
  A water moccasin (D:7)
  A sky beast (D:8)
  9 orc warriors
  An ogre (D:5)
  A wolf (D:8)
  A lemure (D:7)
  2 centaurs
  Blork the orc (D:5)
  2 phantoms
  A scorpion (D:5)
  2 bullfrogs
  17 wights
  2 howler monkeys
  8 electric eels
  6 hounds
  4 orc priests
  2 sleepcaps
  Crazy Yiuf (D:4)
  Jessica (D:2)
  4 iguanas
  Natasha (thrice) (D:4)
  10 orc wizards
  A mummy (D:5)
  Robin (D:2)
  5 gnolls (Bailey)
  16 adders
  A white imp (D:5)
  4 ufetubi
  3 dart slugs
  38 orcs
  9 ball pythons
  6 bats
  4 endoplasms
  4 giant cockroaches
  21 goblins
  19 hobgoblins
  2 jackals (D:3)
  3 quokkas
  5 frilled lizards
  9 kobolds
  4 rats
241 creatures vanquished.

Vanquished Creatures (others)
  An orc (Bailey)
1 creature vanquished.

Grand Total: 242 creatures vanquished

Notes
Turn   | Place    | Note
-------+----------+-------------------------------------------
     0 | D:1      | promet the Minotaur Fighter began the quest for the Orb.
     0 | D:1      | Reached XP level 1. HP: 19/19 MP: 0/0
   103 | D:1      | Reached XP level 2. HP: 27/27 MP: 1/1
   104 | D:1      | Reached skill level 4 in Fighting
   482 | D:1      | Reached XP level 3. HP: 33/33 MP: 2/2
  1140 | D:2      | Noticed Jessica
  1149 | D:2      | Killed Jessica
  1161 | D:2      | Found a snail-covered altar of Cheibriados.
  1184 | D:2      | Reached XP level 4. HP: 41/41 MP: 3/3
  1242 | D:2      | Reached skill level 1 in Dodging
  1526 | D:2      | Noticed Robin
  1540 | D:2      | Killed Robin
  1960 | D:3      | Reached XP level 5. HP: 47/47 MP: 4/4
  2363 | D:3      | Found an ancient bone altar of Kikubaaqudgha.
  2407 | D:3      | Noticed a phantom
  2414 | D:3      | Killed a phantom
  2415 | D:3      | Reached skill level 5 in Fighting
  2415 | D:3      | Reached XP level 6. HP: 52/56 MP: 5/5
  2475 | D:3      | Found an opulent altar of Gozag.
  2745 | D:4      | Reached skill level 5 in Axes
  2773 | D:4      | Found a shimmering blue altar of Sif Muna.
  2810 | D:4      | Upgraded the game from 0.31-a0-971-g75a2e9a4b4 to
                  | 0.31-a0-977-gc230f8ef24
  2834 | D:4      | You fall into a shaft and drop 2 floors!
  2854 | D:6      | Found Udghuety's Magic Scroll Boutique.
  2880 | D:6      | Bought a scroll of revelation for 82 gold pieces
  2880 | D:6      | Bought a scroll of teleportation for 33 gold pieces
  2918 | D:6      | Noticed a steam dragon
  2930 | D:6      | Killed a steam dragon
  2931 | D:6      | Reached skill level 5 in Armour
  3020 | D:5      | Entered Level 5 of the Dungeon
  3020 | D:5      | Noticed Blork the orc
  3020 | D:5      | Found a snail-covered altar of Cheibriados.
  3023 | D:5      | Killed Blork the orc
  3024 | D:5      | Reached skill level 6 in Fighting
  3024 | D:5      | Reached XP level 7. HP: 52/63 MP: 6/6
  3097 | D:4      | Found a runed translucent door.
  3098 | D:4      | Noticed Crazy Yiuf
  3137 | D:4      | Found a stormy altar of Qazlal.
  3152 | D:4      | Became a worshipper of Qazlal Stormbringer
  3253 | D:4      | Found a glowing silver altar of Zin.
  3308 | D:4      | Found Oskeu's Distillery.
  3347 | D:4      | Noticed Natasha
  3349 | D:4      | Killed Natasha
  3402 | D:4      | Noticed Natasha
  3408 | D:4      | Killed Natasha
  3412 | D:4      | Noticed Natasha
  3419 | D:4      | Killed Natasha
  3582 | D:4      | Found a shimmering altar of Xom.
  3585 | D:4      | Found a blossoming altar of Fedhas.
  3585 | D:4      | Found a stormy altar of Qazlal.
  3587 | D:4      | Found a snail-covered altar of Cheibriados.
  3587 | D:4      | Found an ancient bone altar of Kikubaaqudgha.
  3587 | D:4      | Found a hide-covered altar of Uskayaw.
  3635 | D:4      | Killed Crazy Yiuf
  3862 | D:5      | Found a sacrificial altar of Ru.
  4233 | D:5      | Reached skill level 7 in Fighting
  4233 | D:5      | Reached skill level 1 in Maces & Flails
  4298 | D:5      | Found a staircase to the Ecumenical Temple.
  4342 | D:5      | Reached XP level 8. HP: 73/73 MP: 7/7
  4396 | D:5      | Found a basalt altar of Yredelemnul.
  4413 | D:5      | Reached * piety under Qazlal
  4495 | D:5      | Found a runed translucent gate.
  4496 | D:5      | Found a runed translucent gate.
  4496 | D:5      | Identified the +6 chain mail of Curiosity {Dex+4 SInv}
  4496 | D:5      | Noticed lotum's ghost (amateur OgCj)
  4497 | D:5      | Found a runed translucent gate.
  4829 | D:6      | Found Jiotick's Distillery.
  4837 | D:6      | Bought a potion of heal wounds for 60 gold pieces
  4837 | D:6      | Bought a potion of heal wounds for 60 gold pieces
  5031 | D:6      | Found a bloodstained altar of Trog.
  5087 | D:6      | Found Uhay's Antique Weapon Shop.
  5629 | D:7      | Reached skill level 5 in Maces & Flails
  5830 | D:7      | Found an ornate altar of the Wu Jian Council.
  5865 | D:7      | Reached skill level 8 in Fighting
  6246 | D:6      | Reached skill level 1 in Stealth
  6246 | D:6      | Reached skill level 5 in Shields
  6246 | D:6      | Reached XP level 9. HP: 81/81 MP: 8/8
  6415 | D:7      | Noticed Deeps's ghost (novice MiFi)
  6423 | D:7      | Found a runed translucent door.
  6647 | D:7      | Upgraded the game from 0.31-a0-977-gc230f8ef24 to
                  | 0.31-a0-978-g1e143483b6
  6973 | D:8      | Reached ** piety under Qazlal
  7084 | D:8      | Noticed a troll
  7115 | D:7      | Killed a troll
  7116 | D:7      | Reached skill level 9 in Fighting
  7162 | D:8      | Reached skill level 1 in Ranged Weapons
  7213 | D:8      | Noticed Pikel
  7256 | D:8      | Killed Pikel
  7409 | D:8      | Reached skill level 1 in Throwing
  7743 | D:8      | Reached XP level 10. HP: 89/89 MP: 9/9
  7918 | D:8      | Found an iron altar of Okawaru.
  7918 | D:8      | Found a glowing golden altar of the Shining One.
  8523 | D:8      | Found a staircase to the Lair.
  9119 | D:9      | Noticed a gargoyle
  9126 | D:9      | Killed a gargoyle
  9127 | D:9      | Reached skill level 10 in Fighting
  9390 | D:9      | Found a flagged portal.
  9397 | Bailey   | Entered a bailey
 10196 | Bailey   | Noticed an orc high priest
 10203 | Bailey   | Noticed an orange demon
 10222 | Bailey   | Noticed an orc knight
 10394 | Bailey   | Killed an orc knight
 10695 | Bailey   | Noticed an orc knight
 10709 | Bailey   | Killed an orc knight
 10853 | Bailey   | Reached *** piety under Qazlal
 11015 | Bailey   | Noticed a smoke demon
 11016 | Bailey   | Noticed a smoke demon
 11025 | Bailey   | HP: 2/141 [orc high priest/+0 war axe (11)]
 11025 | Bailey   | Slain by a smoke demon

Illustrated notes

Levels and vault maps discovered:
D:1:      matt_arrival_diagonals, layout_basic, serial_bayou_pond_b
D:2:      layout_basic, basic_altar, minmay_3d_cube, uniq_robin, uniq_jessica
D:3:      layout_loops_ring, grunt_gozag_breadcrumbs, kiku_gazebo_pond_becter,
          minmay_door_square
D:4:      cheibrodos_greedy_goblins, layout_rooms, zin_statuary,
          doesnt_xom_only_xom, nicolae_sif_muna_condensation,
          lemuel_round_altar, serial_shops, nicolae_shop_advertising_works
          [nicolae_subvault_shop_adworks], uniq_natasha, uniq_crazy_yiuf_cottage
D:5:      layout_loops_ring, mainiacjoe_overflow_cross_hatched, slow_altar_1,
          mainiacjoe_overflow_six_doors_small, minmay_temple_entry_hall,
          biasface_ghost_orc_armoury, grunt_ministairs_9, uniq_blork_the_orc
D:6:      layout_basic, old_standard_altar, serial_shops, shop, shop,
          nicolae_shop_industrial_runoff, nicolae_half_adder
D:7:      layout_cave_pools, lemuel_doored_altar, hellmonk_ghost_happy_afterlife
D:8:      layout_cave_pools, gammafunk_temple_overflow_wave, erik_lair_island,
          nicolae_concentric_dashed_squares_mild, uniq_pikel
D:9:      layout_gridville, enter_bailey_3
Bailey:   bailey_axe_of_yendor_kennysheep, bailey

Skill      XL: |  1  2  3  4  5  6  7  8  9 10 |
---------------+-------------------------------+-----
Fighting       | 4 5 6 7 8 9 10 | 10.7
Armour         | 4 5 6 7 |  7.4
Shields        | 4 5 6 |  6.2
Axes           | 3 4 5 7 |  7.1
Dodging        | 1 2 3 4 |  4.8
Maces & Flails | 2 6 8 9 |  9.3
Stealth        | 1 |  1.8
Ranged Weapons | 1 4 |  4.9
Throwing       | 1 |  1.0

Action                     |  1- 3 |  4- 6 |  7- 9 | 10-12 || total
---------------------------+-------+-------+-------+-------++-------
  Melee: War axe           |    62 |   109 |    51 |       ||   222
         Headbutt          |     8 |    14 |    44 |    19 ||    85
         Mace              |       |       |    63 |       ||    63
         Morningstar       |       |       |   157 |   111 ||   268
   Fire: Sling             |       |       |    19 |    91 ||   110
  Throw: Dart              |       |       |     7 |       ||     7
  Evoke: Wand              |       |       |       |     2 ||     2
    Use: Scroll            |     4 |     6 |     8 |     1 ||    19
         Potion            |       |     2 |       |     5 ||     7
 Armour: Scale mail        |    37 |    29 |       |       ||    66
         Plate armour      |       |    45 |       |       ||    45
         Ring mail         |       |    13 |   189 |       ||   202
         Troll leather arm |       |       |    39 |   143 ||   182
  Dodge: Dodged            |    29 |    41 |   173 |    58 ||   301
  Block: Buckler           |    10 |    24 |    80 |    41 ||   155

Table legend: (Time is in decaauts)
 A = Elapsed time spent in this place.
 B = Non-inter-level travel time spent in this place.
 C = Inter-level travel time spent in this place.
 D = Time resting spent in this place.
 E = Time spent auto-exploring this place.
 F = Levels seen in this place.
 G = Mean time per level.
                   A        B        C        D        E       F      G
               +--------+--------+--------+--------+--------+-----+--------+
         Total |  11180 |  10981 |    199 |   3380 |   3153 |  10 | 1118.0 |
       Dungeon |   9540 |   9341 |    199 |   2503 |   3153 |   9 | 1060.0 |
        Bailey |   1640 |   1640 |      0 |    877 |      0 |   1 | 1640.0 |
               +--------+--------+--------+--------+--------+-----+--------+

Top non-repeatable levels by time:
     D:8: 2134 daAuts
  Bailey: 1640 daAuts
     D:7: 1315 daAuts
     D:5: 1158 daAuts
     D:6: 1035 daAuts
     D:1: 955 daAuts
     D:2: 947 daAuts
     D:3: 897 daAuts
     D:4: 743 daAuts
     D:9: 350 daAuts
